 Dungeon Crawl Stone Soup version 0.21.1-1-g345015f (webtiles) character file.

270 Fang the Chopper (level 6, -3/58 HPs)
             Began as a Gargoyle Berserker on July 28, 2018.
             Was a Believer of Trog.
             Killed by divine providence
             ... invoked by an orc priest
              (15 damage)
             ... on level 3 of the Dungeon.
             The game lasted 00:02:11 (2424 turns).

Fang the Chopper (Gargoyle Berserker)               Turns: 2424, Time: 00:02:12

Health: -3/58      AC:  7    Str: 27    XL:     6   Next: 22%
Magic:  6/6        EV: 12    Int:  8    God:    Trog [**....]
Gold:   97         SH:  0    Dex:  9    Spells: 5/5 levels left

rFire    . . .     SeeInvis .   t - -3 war axe (curse)
rCold    . . .     Gourm    .   (no shield)
rNeg     + . .     Faith    .   b - +0 animal skin
rPois    ∞         Spirit   .   m - +1 hat
rElec    +         Reflect  .   (no cloak)
rCorr    .         Harm     .   (no gloves)
MR       .....                  (no boots)
Stlth    ..........             (no amulet)
HPRegen  0.19/turn              (no ring)
MPRegen  0.10/turn              (no ring)

@: berserking (expiring), very quick
A: negative energy resistance 1, electricity resistance, unbreathing,
petrification resistance, rot immunity, AC +4
a: Berserk, Trog's Hand, Burn Spellbooks, Renounce Religion


You were on level 3 of the Dungeon.
You worshipped Trog.
Trog was pleased with you.
You were near starving.

You visited 1 branch of the dungeon, and saw 3 of its levels.

You collected 97 gold pieces.

Inventory:

Hand Weapons
 a - a +0 hand axe
 t - a cursed -3 war axe (weapon)
Armour
 b - a +0 animal skin (worn)
 m - a +1 hat (worn)
Jewellery
 d - an uncursed amulet of magic regeneration {unknown}
 g - a +4 ring of protection {unknown}
Wands
 o - a wand of clouds (2)
Scrolls
 e - 2 scrolls of enchant weapon {unknown}
 h - a scroll of teleportation {unknown}
 l - a scroll of fog {unknown}
 n - 2 scrolls of magic mapping {unknown}
 p - a scroll of identify {unknown}
 q - a scroll of remove curse {unknown}
 s - a scroll of amnesia {unknown}
Potions
 f - a potion of haste {unknown}
 i - 2 potions of agility {unknown}
 j - 4 potions of curing {unknown}
 k - a potion of resistance {unknown}
 r - a potion of ambrosia {unknown}
Comestibles
 c - 4 rations


   Skills:
 + Level 4.5 Fighting
 + Level 4.7 Axes
 + Level 2.4 Armour
 + Level 2.7 Dodging
 + Level 0.8 Stealth


You had 5 spell levels left.
You didn't know any spells.

Dungeon Overview and Level Annotations

Branches:
Dungeon (3/15)

Altars:
Ashenzari
Yredelemnul


Innate Abilities, Weirdness & Mutations

You are resistant to torment.
Your stone body is resilient. (AC +4)
You are immune to poison.
You resist negative energy. (rN+)
You are resistant to electric shocks. (rElec)
You can survive without breathing.
You are immune to petrification.
You are immune to rotting.


Message History

You barely miss the orc priest. The orc priest barely misses you.
You are too injured to fight recklessly!
You hit the orc.
The orc is heavily wounded.
You barely miss the orc priest. The orc hits you but does no damage.
You are too injured to fight recklessly!
You barely miss the orc.
The orc is heavily wounded.
You hit the orc priest. The orc priest misses you.
The orc priest mumbles some strange prayers to Beogh against you.
Beogh smites you!
* * * LOW HITPOINT WARNING * * *
The orc closely misses you.
You slice the orc!!
You kill the orc!
Trog accepts your kill.
You hit the orc priest.
The orc priest invokes the aid of Beogh against you.
Beogh smites you!
You die...

≈.≈≈##.## ...
≈≈≈≈#...##.#####
≈≈≈≈#≈≈........########
≈≈≈≈≈≈≈≈........ .....#
≈≈≈≈≈≈≈≈.......##.....#
≈≈≈#≈≈≈≈≈.............#
≈≈≈#≈.≈≈≈≈.....# r....#
.♣.≈≈≈.≈≈≈.#..###oo...#
.<.....≈≈.....$.@)#
..(≈≈.(#≈≈.########
≈≈≈≈≈#≈≈≈≈.......#
≈≈≈##≈≈#≈#.#####(#
≈≈≈≈≈≈≈≈.#.#.....
≈≈≈≈≈≈≈≈#....#
≈≈≈≈#≈≈##..#..>#
≈≈≈≈≈..###.......#
≈.≈≈.... #########


You could see 2 orc priests and a rat.

Vanquished Creatures
  A bullfrog (D:2)
  A howler monkey (D:3)
  A centaur skeleton (D:2)
  An orc wizard (D:3)
  4 adders (D:2)
  2 oozes
  A worm (D:2)
  8 dart slugs (D:3)
  3 orcs (D:3)
  3 giant cockroaches
  4 goblins
  5 hobgoblins
  2 ball pythons
  9 bats
  4 frilled lizards
  5 kobolds
  8 rats
  A spectral orc (D:2)
63 creatures vanquished.

Notes
Turn   | Place    | Note
-------+----------+-------------------------------------------
     0 | D:1      | Fang the Gargoyle Berserker began the quest for the Orb.
     0 | D:1      | Reached XP level 1. HP: 14/14 MP: 1/1
   275 | D:1      | Reached XP level 2. HP: 19/19 MP: 2/2
   726 | D:1      | Found a shattered altar of Ashenzari.
  1175 | D:2      | Noticed a bullfrog
  1183 | D:2      | Killed a bullfrog
  1183 | D:2      | Reached XP level 3. HP: 20/24 MP: 3/3
  1183 | D:2      | Reached XP level 4. HP: 24/29 MP: 4/4
  1562 | D:2      | Reached XP level 5. HP: 33/34 MP: 5/5
  1602 | D:2      | Reached ** piety under Trog
  1795 | D:2      | Found a basalt altar of Yredelemnul.
  2213 | D:3      | Reached XP level 6. HP: 30/39 MP: 6/6
  2424 | D:3      | Killed from afar by an orc priest

Skill      XL: |  1  2  3  4 |
---------------+-------------+-----
Axes           | 3 4 |  4.7
Fighting       | 4 |  4.5
Dodging        | 2 |  2.7
Armour         | |  2.4
Stealth        | |  0.8

Action                   |  1- 3 |  4- 6 || total
-------------------------+-------+-------++-------
Melee: Hand axe          |    70 |   138 ||   208
       War axe           |       |    27 ||    27
Invok: Berserk           |     1 |     2 ||     3
 Stab: Sleeping          |     1 |     1 ||     2
  Eat: Chunk             |       |     6 ||     6
Armor: Animal skin       |    29 |    65 ||    94
Dodge: Dodged            |    54 |   119 ||   173
